 Dungeon Crawl Stone Soup version 0.28-a0-1613-gdaab1c2f9b (webtiles) character file.

Game seed: 2182849553346689697

996 funkygono the Firebug (level 8, -2/53 HPs)
             Began as a Human Fire Elementalist on Jan 21, 2022.
             Slain by a troll (16 damage)
             ... on level 5 of the Dungeon.
             The game lasted 00:08:28 (6929 turns).

funkygono the Firebug (Human Fire Elementalist)     Turns: 6929, Time: 00:08:28

Health: -2/53      AC:  3    Str:  9    XL:     8   Next: 42%
Magic:  9/16       EV: 12    Int: 17    God:
Gold:   270        SH:  0    Dex: 14    Spells: 8/18 levels left

rFire   + . .      SeeInvis .   b - +2 dagger (speed)
rCold   . . .      Faith    .   (no shield)
rNeg    . . .      Spirit   .   m - +0 leather armour
rPois   .          Reflect  .   (no helmet)
rElec   .          Harm     .   (no cloak)
rCorr   .          Rampage  .   (no gloves)
Will    .....                   (no boots)
Stlth   ++........              (no amulet)
HPRegen 0.17/turn               k - ring of protection from fire
MPRegen 0.15/turn               (no ring)

@: no status effects
A: no striking features
a: no special abilities


You were on level 5 of the Dungeon.
You visited 1 branch of the dungeon, and saw 6 of its levels.

You collected 270 gold pieces.

Inventory:

Hand Weapons
 b - a +2 dagger of speed (weapon)
 A - a +1 dagger of electrocution
Missiles
 f - 151 stones
 g - 2 throwing nets
Armour
 a - a +0 robe
 m - a +0 leather armour (worn)
Magical Staves
 v - a staff of earth
Jewellery
 k - a ring of protection from fire (left hand)
 t - a ring of positive energy
 x - a ring of protection from fire
 z - a ring of protection from fire
Wands
 B - a wand of acid (10)
Scrolls
 d - a scroll of enchant armour {unknown}
 e - 2 scrolls of enchant weapon {unknown}
 j - 4 scrolls of teleportation {unknown}
 l - a scroll of fog {unknown}
 o - 2 scrolls of holy word {unknown}
 p - a scroll of vulnerability {unknown}
 r - a scroll of summoning {unknown}
 u - a scroll of brand weapon {unknown}
 w - 2 scrolls of immolation {unknown}
 y - a scroll of silence {unknown}
 C - a scroll of fear {unknown}
Potions
 c - 2 potions of attraction {unknown}
 h - 5 potions of brilliance {unknown}
 i - a potion of cancellation {unknown}
 n - 5 potions of curing {unknown}
 q - a potion of might {unknown}
 s - a potion of resistance {unknown}


   Skills:
 + Level 0.3 Fighting
 + Level 1.6 Armour
 + Level 2.2 Dodging
 - Level 2.0 Stealth
 * Level 5.6 Spellcasting
 * Level 3.6 Conjurations
 * Level 6.3 Fire Magic


You had 8 spell levels left.
You knew the following spells:

 Your Spells              Type           Power      Damage    Failure   Level
a - Foxfire               Conj/Fire      84%        2x1d8     2%          1
b - Scorch                Fire           52%        2d7       1%          2
c - Conjure Flame         Conj/Fire      21%        6-21      7%          3
d - Flame Wave            Conj/Fire      21%        2d7       22%         4

Your spell library contained the following spells:

 Spells                   Type           Power      Damage    Failure   Level
 Inner Flame              Hex/Fire       15%        N/A       14%         3
 Animate Skeleton         Necr           8%         N/A       19%         1
 Pain                     Necr           16%        1d4       19%         1
 Blink                    Tloc           8%         N/A       26%         2
 Lesser Beckoning         Tloc           4%         N/A       47%         3
 Vampiric Draining        Necr           4%         2d6       47%         3
 Manifold Assault         Tloc           4%         N/A       99%         5
 Storm Form               Tmut/Air       2%         N/A       100%        7


Dungeon Overview and Level Annotations

Branches:
Dungeon (6/15)
 Temple: D:4-7

Altars:
Nemelex Xobeh
Yredelemnul

Shops:
D:3 (   D:4 [


Message History

2 gnolls and a troll come into view.
Found a white potion.
The troll shouts!
The gnoll shouts!
A gnoll comes into view. It is wielding a +0 spear.
The gnoll moves out of view.
The gnoll shouts!
Casting: Scorch (safe; 1% risk of failure)
Confirm with . or Enter, or press ? or * to list all spells.
The fire begins to smoulder!
The fire ignites!
Casting: Conjure Flame (dangerous; 7% risk of failure)
Confirm with . or Enter, or press ? or * to list all spells.
You conjure some foxfire!
The foxfire hits the troll.
The troll is lightly wounded.
The foxfire hits the troll.
The troll is lightly wounded.
The troll is engulfed in blazing flames.
Casting: Foxfire (safe; 2% risk of failure)
Confirm with . or Enter, or press ? or * to list all spells.
You conjure some foxfire!
The foxfire hits the troll.
The troll is moderately wounded.
The foxfire hits the troll.
The troll is heavily wounded.
Casting: Foxfire (safe; 2% risk of failure)
Confirm with . or Enter, or press ? or * to list all spells.
Flames lash the troll.
The troll is severely wounded.
The troll's fire resistance burns away.
The troll bites you!! The troll barely misses you. The troll claws you!
Unknown command.
The troll completely misses you. x2; The troll claws you!
* * * LOW HITPOINT WARNING * * *
Casting: Scorch (safe; 1% risk of failure)
Confirm with . or Enter, or press ? or * to list all spells.
Flames lash the troll.
The troll is burned terribly!
The troll is severely wounded.
The troll bites you!
You die...

g..#. ######..######..
..... #..###..... #g#.#
#..##...#.# #!#.#
#........## #T#.#
#...#...#.# #.#.#######
#...##.###. #.#gg.....#
#...##.# ##
#[.######T######...##.#
# ##.# #@.........##.#
#.# #.######.#.##.# #.#
#.# #.#.##.#### #.# #.#
##.#.##..... #.# #.#
#..#.####### #.#
#.#####.##.# #.#
........##.#
#.#.###.##.# ... #.##.#


You could see a troll (combustible).

Vanquished Creatures
  An ice beast (D:6)
  A black bear (D:6)
  An ogre (D:6)
  A centaur (D:6)
  2 necrophages
  2 bullfrogs (D:6)
  A bullfrog zombie (D:5)
  A jelly (D:4)
  2 iguanas
  An orc wizard (D:6)
  7 gnolls (D:2)
  A howler monkey skeleton (D:5)
  3 adders
  A shadow imp (D:5)
  2 ufetubi
  2 worms
  A dart slug (D:1)
  12 orcs
  10 endoplasms
  2 giant cockroaches
  7 hobgoblins
  9 jackals
  4 quokkas
  7 ball pythons
  A bat (D:2)
  3 frilled lizards
  4 goblins
  5 kobolds
  5 rats
99 creatures vanquished.

Vanquished Creatures (others)
  323 foxfires
323 creatures vanquished.

Grand Total: 422 creatures vanquished

Notes
Turn   | Place    | Note
-------+----------+-------------------------------------------
     0 | D:1      | funkygono the Human Fire Elementalist began the quest for
                  | the Orb.
     0 | D:1      | Reached XP level 1. HP: 13/13 MP: 3/3
   182 | D:1      | Reached XP level 2. HP: 19/19 MP: 3/5
   339 | D:1      | Learned a level 2 spell: Scorch
   665 | D:1      | Reached XP level 3. HP: 24/24 MP: 3/6
   727 | D:1      | Learned a level 3 spell: Conjure Flame
  1676 | D:2      | Reached XP level 4. HP: 23/30 MP: 0/7
  1966 | D:2      | Reached skill level 4 in Fire Magic
  1996 | D:2      | Reached XP level 5. HP: 33/35 MP: 0/9
  2501 | D:2      | Found a faded altar of an unknown god.
  2659 | D:2      | Learned a level 4 spell: Flame Wave
  2984 | D:3      | Found Rufargh's Weapon Shoppe.
  3507 | D:3      | Found a sparkling altar of Nemelex Xobeh.
  3821 | D:4      | Found Jurchoich's Antique Armour Emporium.
  4000 | D:4      | Reached XP level 6. HP: 41/41 MP: 2/11
  4455 | D:4      | Noticed a necrophage
  4465 | D:4      | Killed a necrophage
  4609 | D:4      | Found a basalt altar of Yredelemnul.
  5054 | D:5      | Entered Level 5 of the Dungeon
  5058 | D:5      | Noticed a necrophage
  5065 | D:5      | Killed a necrophage
  5066 | D:5      | Reached skill level 5 in Fire Magic
  5066 | D:5      | Reached XP level 7. HP: 46/46 MP: 2/13
  5681 | D:5      | You fall into a shaft and drop 1 floor!
  5823 | D:6      | Reached skill level 1 in Armour
  6032 | D:6      | Reached skill level 5 in Spellcasting
  6182 | D:6      | Reached XP level 8. HP: 23/52 MP: 7/15
  6383 | D:6      | Reached skill level 6 in Fire Magic
  6913 | D:5      | Noticed a troll
  6929 | D:5      | Slain by a troll

Illustrated notes

Levels and vault maps discovered:
D:1:      nagdon_arrival_zigzag_paths, layout_loops_ring, supply_closet_lemuel,
          kennysheep_boxes
D:2:      layout_loops_cross, chequers_ecumenical_altar_twisty,
          minmay_hedge_maze, minivault_23, corexii_corridor_pit,
          grunt_ministairs_5
D:3:      layout_basic, nemelex_spade_bored_becter, serial_shops,
          nicolae_shop_bloodbath_and_beyond
D:4:      layout_layer_cave, serial_shops, nicolae_square_shop,
          kennysheep_flooded_box
D:5:      layout_loops_ring, sigmund_edmund_badplayer
D:6:      black_bear_nest_2, layout_gridville

Skill      XL: |  1  2  3  4  5  6  7  8 |
---------------+-------------------------+-----
Fire Magic     | 4 5 6 |  6.3
Spellcasting   | 3 4 5 |  5.6
Conjurations   | 2 3 |  3.6
Armour         | 1 |  1.6
Fighting       | |  0.3
Dodging        | |  2.2
Stealth        | |  2.0

Action                   |  1- 3 |  4- 6 |  7- 9 || total
-------------------------+-------+-------+-------++-------
Melee: Dagger            |       |     6 |       ||     6
 Cast: Foxfire           |    42 |    85 |    57 ||   184
       Scorch            |    12 |    12 |    17 ||    41
       Conjure Flame     |       |       |     1 ||     1
Armor: Robe              |     1 |     1 |       ||     2
       Leather armour    |       |     2 |       ||     2
Dodge: Dodged            |     6 |     9 |     6 ||    21

Table legend: (Time is in decaauts)
 A = Elapsed time spent in this place.
 B = Non-inter-level travel time spent in this place.
 C = Inter-level travel time spent in this place.
 D = Time resting spent in this place.
 E = Time spent auto-exploring this place.
 F = Levels seen in this place.
 G = Mean time per level.
                   A        B        C        D        E       F      G
               +--------+--------+--------+--------+--------+-----+--------+
         Total |   6951 |   6792 |    159 |     89 |   5851 |   6 | 1158.5 |
       Dungeon |   6951 |   6792 |    159 |     89 |   5851 |   6 | 1158.5 |
               +--------+--------+--------+--------+--------+-----+--------+

Top non-repeatable levels by time:
     D:2: 1653 daAuts
     D:4: 1232 daAuts
     D:6: 1165 daAuts
     D:3: 1127 daAuts
     D:1: 1063 daAuts
     D:5: 709 daAuts
